 Dungeon Crawl Stone Soup version 0.30-b1-2-g02819fbbbe (webtiles) character file.

Game seed: 12470344090015997071

365 LLlMATKO the Trooper (level 6, -2/43 (56) HPs)
             Began as a Minotaur Berserker on June 27, 2023.
             Was a Priest of Trog.
             Killed from afar by Edmund (13 damage)
             ... with a bolt of light
             ... on level 4 of the Dungeon.
             The game lasted 00:03:14 (3133 turns).

LLlMATKO the Trooper (Minotaur Berserker)           Turns: 3133, Time: 00:03:15

HP:   -2/43 (56)    AC:  7    Str: 24    XL:     6   Next: 40%
MP:   5/5           EV: 11    Int:  4    God:    Trog [***...]
Gold: 228           SH:  0    Dex:  9    Spells: 5/5 levels left

rFire   . . .        j - +0 hand axe (holy)
rCold   . . .        (no shield)
rNeg    . . .        o - +0 scale mail
rPois   .            (helmet restricted)
rElec   .            (no cloak)
rCorr   .            (no gloves)
SInv    .            (no boots)
Will    .....        (no amulet) Stlth
                     (no ring)
HPRegen 0.27/turn    (no ring)
MPRegen 0.09/turn

%: no passive effects
@: confused, on berserk cooldown, slowed, heavily drained, very slow
A: horns 2, retaliatory headbutt
a: Renounce Religion, Berserk, Trog's Hand


You were on level 4 of the Dungeon.
You worshipped Trog.
Trog was most pleased with you.
You visited 1 branch of the dungeon, and saw 4 of its levels.

You collected 228 gold pieces.

Inventory:

Hand Weapons
 j - a +0 hand axe of holy wrath (weapon)
 m - a +0 hand axe
Missiles
 n - 7 poisoned darts (quivered)
 p - 6 silver javelins
Armour
 o - a +0 scale mail (worn)
Jewellery
 a - a +6 ring of strength
Wands
 u - a wand of light (8)
Scrolls
 e - 2 scrolls of fear {unknown}
 f - 9 scrolls of identify {unknown}
 g - 2 scrolls of immolation {unknown}
 k - a scroll of magic mapping {unknown}
 t - a scroll of torment {unknown}
 w - a scroll of noise {unknown}
Potions
 b - a potion of berserk rage {unknown}
 c - a potion of might {unknown}
 d - a potion of cancellation {unknown}
 h - a potion of brilliance {unknown}
 i - 4 potions of curing {unknown}
 l - a potion of heal wounds
 q - a potion of degeneration {unknown}
 r - a potion of lignification {unknown}
 s - a potion of attraction {unknown}
 v - a potion of ambrosia {unknown}


   Skills:
 + Level 5.4 Fighting
 + Level 5.3 Axes
 + Level 4.5 Armour
 + Level 4.1 Dodging


You had 5 spell levels left.
You didn't know any spells.
Your spell library was empty.

Dungeon Overview and Level Annotations

Branches:
Dungeon (4/15)
 Temple: D:4-7

Altars:
Ru

Annotations:
D:4 Edmund


Innate Abilities, Weirdness & Mutations

You have a pair of horns on your head.
You reflexively headbutt those who attack you in melee.


Message History

You are too confused!
You are too confused!
You are too confused!
You are too confused!
You are too confused!
You are too confused!
You are too confused!
You are too confused!
You are too confused!
You barely miss Edmund.
Edmund is heavily wounded.
Edmund hits you but does no damage.
You feel drained.
You closely miss Edmund.
Edmund is heavily wounded.
You feel less confused. Edmund closely misses you.
Edmund hits you but does no damage.
You feel drained.
You hit Edmund but do no damage.
Edmund is heavily wounded.
Edmund hits you with a +0 flail of draining.
You feel drained.
Unknown command.
You hit Edmund but do no damage.
Edmund is heavily wounded.
Edmund hits you with a +0 flail of draining.
You feel drained. Edmund completely misses you.
You hit Edmund.
Edmund is heavily wounded.
Edmund hits you with a +0 flail of draining.
You feel drained.
You hit Edmund but do no damage. Your headbutt misses Edmund.
Edmund is heavily wounded.
Edmund zaps a wand.
The bolt of light hits you!
* * * LOW HITPOINT WARNING * * *
Edmund barely misses you.
You hit Edmund. You headbutt Edmund.
Edmund is severely wounded.
Edmund zaps a wand.
The bolt of light hits you!
You are confused.
You die...

.......... ..
.......... .
............ ######.
........... #......
........... #.....#
#..........
##..)..######..........
#....@.........+###....
#.$...@........+ #.....
#..............+##.....
#......................
#.....................#
####....#...........###
.......#...#.......#
#.....###...........#
#............#####+##
#............#####...


You could see Edmund.

Vanquished Creatures
  Eustachio (D:4)
  A jelly (D:3)
  An orc wizard (D:3)
  A hound zombie (D:3)
  2 hound skeletons (D:3)
  5 adders
  An adder skeleton (D:3)
  2 worms
  3 dart slugs
  2 orcs
  7 bats
  5 endoplasms
  2 giant cockroaches
  5 goblins
  3 hobgoblins
  A quokka (D:1)
  14 ball pythons
  A ball python zombie (D:3)
  3 frilled lizards (D:1)
  8 kobolds
  A quokka skeleton (D:3)
  A quokka zombie (D:3)
  6 rats
76 creatures vanquished.

Vanquished Creatures (others)
  A withered plant (D:3)
1 creature vanquished.

Grand Total: 77 creatures vanquished

Notes
Turn   | Place    | Note
-------+----------+-------------------------------------------
     0 | D:1      | LLlMATKO the Minotaur Berserker began the quest for the
                  | Orb.
     0 | D:1      | Reached XP level 1. HP: 19/19 MP: 0/0
   154 | D:1      | Reached XP level 2. HP: 27/27 MP: 1/1
   717 | D:1      | Reached ** piety under Trog
   721 | D:1      | Reached XP level 3. HP: 27/33 MP: 2/2
  1723 | D:3      | Found a faded altar of an unknown god.
  2085 | D:3      | You fall into a shaft and drop 1 floor!
  2249 | D:3      | Reached XP level 4. HP: 37/41 MP: 3/3
  2333 | D:3      | Found a sacrificial altar of Ru.
  2341 | D:3      | Reached XP level 5. HP: 46/47 MP: 4/4
  2613 | D:4      | Noticed Eustachio
  2835 | D:4      | Killed Eustachio
  2836 | D:4      | Reached skill level 5 in Fighting
  2836 | D:4      | Reached skill level 5 in Axes
  2836 | D:4      | Reached XP level 6. HP: 56/56 MP: 5/5
  3049 | D:4      | Reached *** piety under Trog
  3108 | D:4      | Noticed Edmund
  3133 | D:4      | Killed from afar by Edmund

Illustrated notes

Levels and vault maps discovered:
D:1:      erik_arrival_cave_to_civilisation [erik_arrival_cave_to_hall],
          layout_basic, minmay_misc_feat_plants
D:2:      layout_loops_cross
D:3:      layout_loops_ring, nicolae_ru_great_annihilating_truth, serial_undead,
          serial_undead_b, serial_undead_e, serial_undead_d, serial_undead_b,
          serial_undead_c, serial_undead_e, serial_undead_c, serial_undead_b,
          dreamdust_ecumenical_altar_angels_and_demons, minivault_24,
          dk_noncrumbling_2, st_stairs_7, minmay_quantized
D:4:      layout_basic, serial_shops, nicolae_shop_rolling_square,
          minmay_snake_closets, uniq_menkaure, uniq_ijyb, uniq_edmund,
          uniq_eustachio, uniq_duvessa

Skill      XL: |  1  2  3  4  5 |
---------------+----------------+-----
Fighting       | 4 5 |  5.4
Axes           | 4 5 |  5.3
Armour         | 3 4 |  4.5
Dodging        | 3 4 |  4.1

Action                     |  1- 3 |  4- 6 || total
---------------------------+-------+-------++-------
  Melee: Hand axe          |   101 |    87 ||   188
         Headbutt          |    17 |    13 ||    30
         Punch             |     1 |       ||     1
 Invoke: Berserk           |     1 |     4 ||     5
   Stab: Sleeping          |     1 |       ||     1
         Paralysed         |       |     1 ||     1
 Armour: Animal skin       |    14 |       ||    14
         Scale mail        |     9 |    37 ||    46
  Dodge: Dodged            |    50 |    56 ||   106
